[Event "Petrov Memorial Rapid"]
[Site "Jurmala"]
[Date "2015.03.08"]
[Round "11"]
[White "Fedorov, Alexei"]
[Black "Tregubov, Pavel V"]
[Result "1/2-1/2"]
[ECO "B40"]
[WhiteElo "2547"]
[BlackElo "2528"]
[Annotator "Robot 11"]
[PlyCount "146"]
[EventDate "2015.??.??"]
[EventCountry "LAT"]
[TimeControl "840+5"]

1. e4 c5 2. Nf3 e6 3. d3 Nc6 4. c3 d5 5. Qe2 Nge7 6. g3 d4 7. e5 dxc3 8.
Nxc3 Nf5 9. Bg2 Be7 10. O-O O-O 11. Bf4 b6 12. Nd2 Bb7 13. Be4 Qd7
14. Qg4 Nb4 15. Rad1 Rfd8 16. Nf3 Nd5 17. Rd2 Nxf4 18. Qxf4 Nd4 19. Nxd4 cxd4 20. Bxb7 dxc3 21. Bxa8 cxd2 22. Be4 Qd4 23. Rd1 Qxb2 24. Rxd2 Qc1+ 25. Kg2 h6 26. Qe3 Bb4 27. Re2 Qc3 28. d4 Qxd4 29. Qxd4 Rxd4 30. f4 g6 31. Kf3 h5 32. h3 Bc5 33. Bc2 Rc4 34. Rd2 Kf8 35. g4 Bb4 36. Rh2 Rc3+ 37. Ke4 Rg3 38.
gxh5 Bc5 39. Re2 gxh5 40. f5 exf5+ 41. Kxf5 Rxh3 42. e6 fxe6+ 43. Rxe6 Rh2 44. Bb3 h4 45. Rh6 a5 46. Rh7 h3 47. Kg4 Rf2 48.
Rxh3 Ke7 49. Rd3 Bb4 50. a4 Bc5 51. Bc4 Rb2 52. Bb5 Rf2 53. Rf3 Rb2 54. Kf5 Rb4 55. Rd3 Bd4 56. Ke4 Bc5+ 57. Kd5 Rh4 58. Kc6 Ke6 59. Rd1 Ke5 60. Rd8 Ke4 61. Kb7 Ke3 62. Ka6 Bd4 63. Rd6 Kd2 64. Rxd4+ Rxd4 65. Kxb6 Kc3 66. Kxa5 Rd6 67. Ba6 Kd4 68. Kb5 Rh6 69. a5 Rh5+ 70.
Kb6 Rh6+ 71. Kb5 Rh1 72. Bb7 Rb1+ 73. Kc6 Ra1 1/2-1/2

[Event "Petrov Memorial Rapid"]
[Site "Jurmala"]
[Date "2015.03.08"]
[Round "11"]
[White "Gelfand, Boris"]
[Black "Karjakin, Sergey"]
[Result "1/2-1/2"]
[ECO "E01"]
[WhiteElo "2724"]
[BlackElo "2798"]
[Annotator "Robot 11"]
[PlyCount "39"]
[EventDate "2015.??.??"]
[EventCountry "LAT"]
[TimeControl "840+5"]

1. d4 Nf6 2. c4 e6 3. g3 d5 4. Bg2 Bb4+ 5. Bd2 Be7 6. Nf3 O-O 7. O-O c6 8. Qc2 Nbd7 9. Rd1 b6 10. Bf4 Ba6 11. cxd5 cxd5 12. Ne5 Nxe5 13. dxe5 Ng4 14. Bf3 f5 15. exf6 Nxf6 16. Qa4 Bb7 17. Nc3 Bc5 18. Rac1 Qe7 19. Be5 Rac8 20. Qh4 1/2-1/2

[Event "Petrov Memorial Rapid"]
[Site "Jurmala"]
[Date "2015.03.08"]
[Round "11"]
[White "Ivanchuk, Vasil"]
[Black "Fedoseev, Vladimir"]
[Result "1-0"]
[ECO "E34"]
[WhiteElo "2731"]
[BlackElo "2714"]
[Annotator "Robot 11"]
[PlyCount "115"]
[EventDate "2015.??.??"]
[EventCountry "LAT"]
[TimeControl "840+5"]

1. d4 Nf6 2. c4 e6 3. Nc3 Bb4 4. Qc2 d5 5. cxd5 Qxd5 6. Nf3 Qf5 7. Qxf5 exf5 8. a3 Bd6 9. Bg5 Nbd7 10. e3 c6 11. Bd3 g6 12. Bh4 O-O 13.
Bg3 Bxg3 14. hxg3 Nb6 15. Ke2 Kg7 16. Rhc1 a5 17. b3 Be6 18.
Rab1 Rfe8 19. Nd2 Nbd5 20. Nxd5 Bxd5 21. f3 Be6 22. Kf2 Nd5 23. Nc4 Re7 24. Rb2 f6 25. Re1 Bg8 26. Rc2 Nc7 27. Nb6 Rd8 28.
Bc4 Rde8 29. Rc3 Bf7 30. a4 Bxc4 31. bxc4 c5 32. Rcc1 Na6 33. Nd5 Re6 34. Rb1 Nb4 35. Nc7 Nd3+ 36. Kf1 Nxe1 37. Nxe8+ Rxe8 38. Rxe1 b6 39. Kf2 Rd8 40. Rd1 Kf7 41. Ke2 Ke7 42. g4 fxg4 43. fxg4 Ke6 44. Kd3 Rd7 45. Rh1 f5 46. d5+ Ke5 47. gxf5 Kxf5 48. Rf1+ Ke5 49. Rf8 Rb7 50. Re8+ Kf5 51. e4+ Kf4 52. e5 h5 53. d6 Rd7 54. Re7 Rd8 55. d7 h4 56. e6 h3 57. gxh3 Rh8 58. Rf7+ 1-0

[Event "Petrov Memorial Rapid"]
[Site "Jurmala"]
[Date "2015.03.08"]
[Round "11"]
[White "Krasenkow, Michal"]
[Black "Shirov, Alexei"]
[Result "1/2-1/2"]
[ECO "D11"]
[WhiteElo "2550"]
[BlackElo "2622"]
[Annotator "Robot 11"]
[PlyCount "45"]
[EventDate "2015.??.??"]
[EventCountry "LAT"]
[TimeControl "840+5"]

1. d4 d5 2. c4 c6 3. Nf3 Nf6 4. Qb3 dxc4 5. Qxc4 Bg4 6. Nbd2 Nbd7 7. g3 e6 8. Bg2 Be7 9. O-O O-O 10. Qb3 Qb6 11. Nc4 Qa6 12. Bf4 Nd5 13.
Bd2 N5b6 14. Rfc1 Rfd8 15. e3 Nxc4 16. Rxc4 Bxf3 17. Bxf3 Ne5 18. dxe5 Rxd2 19. Ra4 Qb5 20. Qxb5 cxb5 21. Rd4 Rd8 22. Rxd8+ Bxd8 23. Rd1 1/2-1/2

[Event "Petrov Memorial Rapid"]
[Site "Jurmala"]
[Date "2015.03.08"]
[Round "11"]
[White "Mamedyarov, Shakhriyar"]
[Black "Fridman, Daniel"]
[Result "1/2-1/2"]
[ECO "C26"]
[WhiteElo "2766"]
[BlackElo "2643"]
[Annotator "Robot 11"]
[PlyCount "119"]
[EventDate "2015.??.??"]
[EventCountry "LAT"]
[TimeControl "840+5"]

1. e4 e5 2. Nc3 Nf6 3. g3 d5 4. exd5 Nxd5 5. Bg2 Nxc3 6. bxc3 Nc6 7. Nf3 Bc5 8. O-O O-O 9. Re1 Qf6 10. d3 Bg4 11. h3 Bh5 12. Be3 Bb6 13.
g4 Bg6 14. Nd2 Qh4 15. Qf3 f5 16. gxf5 Bxf5 17. Qg3 Qh5 18. Ne4 Rae8 19. Kh2 h6 20. Rg1 Re6 21. Bc5 Rg6 22. Qe3 Qh4 23. Ng3 Be6 24. Bxb6 axb6 25. Nh1 Qf4+ 26. Qxf4 exf4 27. Rae1 Bf5 28. Bd5+ Kh7 29. Rxg6 Kxg6 30. f3 Rd8 31. Bb3 Rd7 32. Nf2 Re7 33. Ne4 Ne5 34. Kg2 b5 35.
a4 bxa4 36. Bxa4 Kh5 37. d4 Ng6 38. c4 Kh4 39. c5 Be6 40. Kf2 Bd5 41. Rg1 Kh5 42. c3 Nh4 43. Bd1 Nf5 44.
Be2 Ne3 45. Bd3 Bc4 46. Bxc4 Nxc4 47. Rb1 c6 48. Rg1 Ne3 49. Nd6 g5 50. Rb1 Nd5 51. Rxb7 Re3 52. c4 Nc3 53. Nf5 Re2+ 54. Kf1 Kg6 55. Ne7+ Kh5 56. d5 Rd2 57. dxc6 Rd1+ 58. Kf2 Rd2+ 59. Ke1 Rd1+ 60. Kf2 1/2-1/2

[Event "Petrov Memorial Rapid"]
[Site "Jurmala"]
[Date "2015.03.08"]
[Round "11"]
[White "Popov, Valerij"]
[Black "Tomashevsky, Evgeny"]
[Result "1/2-1/2"]
[ECO "A17"]
[WhiteElo "2583"]
[BlackElo "2748"]
[Annotator "Robot 11"]
[PlyCount "37"]
[EventDate "2015.??.??"]
[EventCountry "LAT"]
[TimeControl "840+5"]

1. Nf3 Nf6 2. c4 e6 3. Nc3 Bb4 4. g4 h6 5. Rg1 b6 6. Qc2 Bb7 7. a3 Bxc3 8.
Qxc3 d6 9. h4 e5 10. g5 hxg5 11. hxg5 Nfd7 12. d4 Nc6 13. d5 Ne7 14. b4 Ng6 15. e4 c5 16. b5 a5 17. Be3 Qe7 18. O-O-O O-O-O 19. Qd2 1/2-1/2

[Event "Petrov Memorial Rapid"]
[Site "Jurmala"]
[Date "2015.03.08"]
[Round "11"]
[White "Rapport, Richard"]
[Black "Naiditsch, Arkadij"]
[Result "1-0"]
[ECO "A01"]
[WhiteElo "2724"]
[BlackElo "2698"]
[Annotator "Robot 11"]
[PlyCount "79"]
[EventDate "2015.??.??"]
[EventCountry "LAT"]
[TimeControl "840+5"]

1. b3 Nf6 2. Bb2 g6 3. Bxf6 exf6 4. c4 Bg7 5. Nc3 f5 6. Rc1 c5 7. g3 O-O 8.
Bg2 Nc6 9. Nh3 g5 10. f4 h6 11. O-O d6 12. fxg5 hxg5 13. e3 g4 14. Nf4 Qg5 15.
Ncd5 Bd7 16. Rb1 Rad8 17. b4 b6 18. a4 Be5 19. a5 cxb4 20.
axb6 a5 21. Rf2 Rb8 22. h4 Qh6 23. d4 Bg7 24. c5 dxc5 25. dxc5 Rfd8 26. Qc2 Kh8 27. Rd1 Ne5 28. Ne7 a4 29. Rd6 Qxd6 30. cxd6 b3 31. Qc7 a3 32. Bd5 a2 33. Rxa2 bxa2 34. Bxa2 Ra8 35. Bd5 Ra1+ 36. Kf2 Rda8 37. b7 R8a2+ 38. Bxa2 Rxa2+ 39. Ne2 Nd3+ 40. Kg1 1-0

[Event "Petrov Memorial Rapid"]
[Site "Jurmala"]
[Date "2015.03.08"]
[Round "11"]
[White "Sakaev, Konstantin"]
[Black "Stocek, Jiri"]
[Result "1-0"]
[ECO "E11"]
[WhiteElo "2615"]
[BlackElo "2513"]
[Annotator "Robot 11"]
[PlyCount "105"]
[EventDate "2015.??.??"]
[EventCountry "LAT"]
[TimeControl "840+5"]

1. d4 Nf6 2. Nf3 e6 3. c4 Bb4+ 4. Bd2 a5 5. g3 O-O 6. Bg2 d5 7. Qc2 h6 8.
O-O Re8 9. Bf4 Bf8 10. cxd5 Nxd5 11. Bd2 b6 12. Rd1 Ba6 13. Nc3 Nd7 14. a3 c5 15. dxc5 Nxc5 16. Nxd5 exd5 17. Be3 Rc8 18. Bh3 Rc7 19. Rac1 Rxe3 20. fxe3 Qe8 21. Kh1 Qxe3 22. Qd2 Qe4 23. Qxd5 Bxe2 24. Qxe4 Nxe4 25. Rxc7 Bxd1 26. Ne5 Nf2+ 27. Kg2 Nxh3 28. Kxh3 Bb3 29. Nc4 Bc5 30. Rc8+ Kh7 31. Rxc5 bxc5 32. Nxa5 Be6+ 33. Kg2 Kg6 34. Kf2 Bd5 35. b4 cxb4 36. axb4 Kf5 37. b5 Ke5 38. Ke3 g5 39. b6 Kd6 40. Kd4 Bh1 41. b7 Kc7 42. Ke5 Bf3 43. Kf6 Bd5 44. Ke5 Bf3 45.
Kf5 Kb8 46. Nc4 Bxb7 47. Ne5 Bd5 48. Kf6 Kc7 49. Nxf7 h5 50. Nxg5 Kd7 51. h4 Ke8 52. Nh3 Bf3 53. Nf4 1-0

[Event "Petrov Memorial Rapid"]
[Site "Jurmala"]
[Date "2015.03.08"]
[Round "11"]
[White "Van Wely, Loek"]
[Black "Khalifman, Alexander"]
[Result "1/2-1/2"]
[ECO "A30"]
[WhiteElo "2662"]
[BlackElo "2585"]
[Annotator "Robot 11"]
[PlyCount "73"]
[EventDate "2015.??.??"]
[EventCountry "LAT"]
[TimeControl "840+5"]

1. c4 c5 2. Nf3 g6 3. d4 cxd4 4. Nxd4 Nc6 5. e4 Nf6 6. Nc3 d6 7. Be2 Nxd4 8.
Qxd4 Bg7 9. Be3 O-O 10. Qd2 a5 11. O-O a4 12. f3 Qa5 13. Rfc1 Be6 14. Rab1 Rfc8 15. b4 axb3 16. axb3 Qb4 17. Kh1 Nd7 18. Bg5 Bf6 19. Nd5 Qxd2 20. Nxf6+ Nxf6 21. Bxd2 Ra2 22. Rd1 b5 23. cxb5 Rcc2 24. b6 Rxd2 25. Rxd2 Rxd2 26. Bb5 Bc8 27. Bc6 Rc2 28. b7 Bxb7 29. Bxb7 Rc7 30. Ba6 Rc6 31. Bf1 d5 32. exd5 Nxd5 33. b4 Rc3 34. b5 Nb6 35. Kg1 Rc2 36. Rd1 Rb2 37. h4 1/2-1/2